 Dungeon Crawl Stone Soup version 0.28.0-49-g6dfe1f597d (webtiles) character file.

Game seed: 1673490685790513123

40 Exodus22XD the Poker (level 3, 0/27 HPs)
             Began as a Demonspawn Gladiator on May 15, 2022.
             Succumbed to an adder's poison
             ... on level 2 of the Dungeon.
             The game lasted 00:01:28 (1145 turns).

Exodus22XD the Poker (Demonspawn Gladiator)         Turns: 1145, Time: 00:01:28

Health: 0/27       AC:  4    Str: 16    XL:     3   Next: 30%
Magic:  3/3        EV: 12    Int:  9    God:
Gold:   47         SH:  0    Dex: 14    Spells: 2/2 levels left

rFire   . . .      SeeInvis .   a - +0 trident
rCold   . . .      Faith    .   (no shield)
rNeg    . . .      Spirit   .   b - +0 leather armour
rPois   .          Reflect  .   j - +1 hat
rElec   .          Harm     .   (no cloak)
rCorr   .          Rampage  .   (no gloves)
Will    .....                   (no boots)
Stlth   +.........              (no amulet)
HPRegen 0.09/turn               (no ring)
MPRegen 0.08/turn               (no ring)

@: mighty, lethally poisoned (0 -> -1), hasted, very quick
A: foul stench 1, demonic touch 1
a: no special abilities


You were on level 2 of the Dungeon.
You visited 1 branch of the dungeon, and saw 2 of its levels.

You collected 47 gold pieces.

Inventory:

Hand Weapons
 a - a +0 trident (weapon)
Missiles
 d - 3 throwing nets (quivered)
Armour
 b - a +0 leather armour (worn)
 j - a +1 hat (worn)
Jewellery
 m - a ring of wizardry
 n - an amulet of the acrobat
Scrolls
 c - a scroll of amnesia {unknown}
 e - a scroll of immolation
 f - a scroll of identify {unknown}
 g - a scroll of enchant armour {unknown}
 k - a scroll of noise {unknown}
 l - a scroll of fear {unknown}


   Skills:
 + Level 2.3 Fighting
 + Level 3.1 Polearms
 + Level 2.1 Throwing
 + Level 0.7 Armour
 + Level 3.0 Dodging
 + Level 0.1 Stealth


You had 2 spell levels left.
You didn't know any spells.
Your spell library was empty.

Dungeon Overview and Level Annotations

Branches:
Dungeon (2/15)

Altars:


Innate Abilities, Weirdness & Mutations

You may rarely emit foul miasma when damaged in melee.
Your touch may inflict minor irresistible damage on your foes.


Message History

The adder closely misses you.
You barely miss the adder.
The adder is heavily wounded.
You feel sick. The adder closely misses you.
You closely miss the adder.
The adder is heavily wounded.
You feel sick.
You are no longer poisoned.
The adder bites you but does no damage. The adder barely misses you.
You hit the adder but do no damage.
The adder is heavily wounded.
The adder bites you.
* * * LOW HITPOINT WARNING * * *
You closely miss the adder.
The adder is heavily wounded.
The adder barely misses you. The adder bites you.
* * * LOW HITPOINT WARNING * * *
You are lethally poisoned!
The adder poisons you!
You closely miss the adder.
You touch the adder.
You kill the adder!
* * * LOW HITPOINT WARNING * * *
You feel sick.
Your Dodging skill increases to level 3!
Found a spear.
* * * LOW HITPOINT WARNING * * *
You feel sick.
* * * LOW HITPOINT WARNING * * *
You feel sick.
It was a potion of haste.
You feel yourself speed up.
* * * LOW HITPOINT WARNING * * *
You feel sick.
It was a potion of magic.
Magic courses through your body.
* * * LOW HITPOINT WARNING * * *
You feel sick.
It was a potion of might.
You feel very mighty all of a sudden.
There is a lethal amount of poison in your body!
There is a lethal amount of poison in your body!
You die...

##### #.### #.# .......
...# #.#
.......####.##########.#
...##.#.#.............#
#........#...###########
...#.........#
.............#
....._....+..#
#....#@.#...# ....
#.$....# #.. ...#...#
..###...# ..# #..# ...
..# .... )# ####


There were no monsters in sight!

Vanquished Creatures
  An adder (D:2)
  2 dart slugs (D:1)
  5 bats
  An endoplasm (D:1)
  3 giant cockroaches (D:1)
  A goblin (D:1)
  A hobgoblin (D:2)
  A jackal (D:1)
  A quokka (D:1)
  5 ball pythons
  A frilled lizard (D:1)
  3 kobolds (D:1)
  2 rats (D:1)
27 creatures vanquished.

Notes
Turn   | Place    | Note
-------+----------+-------------------------------------------
     0 | D:1      | Exodus22XD the Demonspawn Gladiator began the quest for the
                  | Orb.
     0 | D:1      | Reached XP level 1. HP: 16/16 MP: 1/1
   132 | D:1      | Gained mutation: Your touch may inflict minor irresistible
                  | damage on your foes. [demonic ancestry]
   132 | D:1      | Reached XP level 2. HP: 14/22 MP: 2/2
   971 | D:2      | Gained mutation: You may rarely emit foul miasma when
                  | damaged in melee. [demonic ancestry]
   971 | D:2      | Reached XP level 3. HP: 25/27 MP: 3/3
  1123 | D:2      | Found a faded altar of an unknown god.
  1143 | D:2      | HP: 1/27 [poisoned by an adder]
  1145 | D:2      | Succumbed to an adder's poison

Illustrated notes

Levels and vault maps discovered:
D:1:      lemuel_arrival_rhombus, layout_basic, minmay_octomino_c4
D:2:      wad_pebble_path, layout_basic, hellmonk_ecumenical_altar_blasted,
          basic_altar

Skill      XL: |  1  2  3 |
---------------+----------+-----
Polearms       | 3 |  3.1
Throwing       | 2 |  2.1
Dodging        | 3 |  3.0
Fighting       | |  2.3
Armour         | |  0.7
Stealth        | |  0.1

Action                   || total
-------------------------++-------
Melee: Trident           ||    82
       Touch             ||     9
  Use: Potion            ||     3
 Stab: Sleeping          ||     2
Armor: Leather armour    ||    19
Dodge: Dodged            ||    52
